 Dungeon Crawl Stone Soup version 0.28-a0-312-gbced6e68ee (webtiles) character file.

Game seed: 6425124546404924947

921 PentaManta the Grappler (level 7, -14/66 HPs)
             Began as a Troll Abyssal Knight on Aug 31, 2021.
             Was a Priest of Lugonu.
             Demolished by Prince Ribbit (17 damage)
             ... on level 5 of the Dungeon.
             The game lasted 00:08:13 (3451 turns).

PentaManta the Grappler (Troll Abyssal Knight)      Turns: 3451, Time: 00:08:14

Health: -14/66     AC:  4    Str: 21    XL:     7   Next: 84%
Magic:  7/7        EV:  9    Int: 10    God:    Lugonu [***...]
Gold:   264        SH:  0    Dex:  9    Spells: 6/6 levels left

rFire   . . .      SeeInvis .     - Unarmed
rCold   . . .      Faith    .   (no shield)
rNeg    . . .      Spirit   .   a - +0 robe
rPois   +          Reflect  .   (helmet restricted)
rElec   .          Harm     .   (no cloak)
rCorr   .          Rampage  .   (gloves unavailable)
Will    .....                   (boots unavailable)
Stlth   +.........              (no amulet)
HPRegen 1.21/turn               i - ring of poison resistance
MPRegen 0.10/turn               (no ring)

@: no status effects
A: large, unfitting armour, claws 3, regeneration 1, shaggy fur 1, tough skin 1
a: Renounce Religion, Depart the Abyss, Bend Space, Banish


You were on level 5 of the Dungeon.
You worshipped Lugonu.
Lugonu was most pleased with you.
You visited 1 branch of the dungeon, and saw 5 of its levels.
You visited the Abyss 1 time.
You also visited: Sewer.

You collected 264 gold pieces.

Inventory:

Hand Weapons
 d - a +7 club
Armour
 a - a +0 robe (worn)
Jewellery
 i - a ring of poison resistance (left claw)
Scrolls
 f - a scroll of fog
 g - 3 scrolls of identify
Potions
 b - 2 potions of curing
 c - 2 potions of degeneration {unknown}
 e - 3 potions of invisibility {unknown}
 j - a potion of heal wounds {unknown}
 k - 2 potions of haste {unknown}
 l - a potion of lignification {unknown}
 m - a potion of might {unknown}


   Skills:
 - Level 2.4 Fighting
 - Level 1.9 Dodging
 + Level 9.2 Unarmed Combat
 - Level 1.5 Invocations


You had 6 spell levels left.
You didn't know any spells.
Your spell library contained the following spells:

 Spells                   Type           Power      Damage    Failure   Level
 Foxfire                  Conj/Fire      0%         2x1d4     36%         1
 Conjure Flame            Conj/Fire      0%         6-21      75%         3
 Inner Flame              Hex/Fire       0%         N/A       75%         3
 Summon Guardian Golem    Hex/Summ       0%         N/A       75%         3
 Orb of Destruction       Conj           0%         N/A       100%        7
 Spellforged Servitor     Conj/Summ      0%         N/A       100%        7


Dungeon Overview and Level Annotations

Branches:
Dungeon (5/15)              Sewer (visited)
 Temple: D:4-7

Altars:

Annotations:
D:5 Prince Ribbit


Innate Abilities, Weirdness & Mutations

You are too large for most types of armour.
You have claws for hands.
Your natural rate of healing is unusually fast.
You are covered in fur. (AC +1)
You have tough skin. (AC +1)


Message History

* * * LOW HITPOINT WARNING * * *
It was a potion of curing.
You feel better. Prince Ribbit barely misses you.
Prince Ribbit blinks!
As you read the scroll labelled FOJO MIGAMEIN, it crumbles to dust.
Wisps of shadow whirl around you...
It was a scroll of summoning.
The orc hits your ice beast but does no damage.
The ogre closely misses you.
Prince Ribbit blinks!
The orc hits your ice beast with a +0 dagger.
Prince Ribbit closely misses you.
Your adder bites the ogre.
The ogre is poisoned.
Your adder poisons the ogre!
Your ice beast hits the orc.
Your ice beast freezes the orc!
The orc dies!
Lugonu accepts your kill.
Your adder bites the ogre.
You claw the ogre!
The ogre is heavily wounded.
Prince Ribbit completely misses you.
The ogre hits you with a +0 giant spiked club!
Prince Ribbit barely misses you.
You claw the ogre!
The ogre is almost dead.
Your adder bites the ogre.
The ogre dies!
Lugonu accepts your kill.
Prince Ribbit croaks regally.
Prince Ribbit hits you!
* * * LOW HITPOINT WARNING * * *
Your adder closely misses Prince Ribbit.
You closely miss Prince Ribbit. Prince Ribbit hits you.
* * * LOW HITPOINT WARNING * * *
Your adder bites Prince Ribbit.
Unknown command.
You mangle Prince Ribbit!!
Prince Ribbit is heavily wounded.
Prince Ribbit hits you!
* * * LOW HITPOINT WARNING * * *
Your ice beast misses Prince Ribbit.
Your adder barely misses Prince Ribbit.
Unknown command.
Prince Ribbit hits you!
You die...

...####.#.#.#.#
#......."...#.###
##########...)w.#
.......#......#
≈≈≈≈≈≈.#......#
≈≈≈≈≈≈.#......#
≈≈≈≈≈≈.'..).).#
≈≈≈≈≈≈.#...YS.#
.......#....F@#
########......#
#######..........#
...............###
#######...#..#.#
######...#.##.#
#.............#
#.####...#.##.#
#...#.##(#


You could see Prince Ribbit (ally target), a worm, a friendly ice beast
(summoned) and a friendly adder (summoned).

Vanquished Creatures
  A necrophage (D:4)
  A centaur (D:4)
  A phantom (D:4)
  2 bullfrogs (Sewer)
  A hound (D:4)
  An orc priest (D:4)
  2 jellies
  3 iguanas
  Terence (D:2)
  2 orc wizards (D:3)
  Robin (D:3)
  6 adders
  An adder skeleton (D:4)
  A worm (D:4)
  2 dart slugs (D:4)
  4 orcs
  11 ball pythons
  7 endoplasms
  8 giant cockroaches
  11 goblins
  17 hobgoblins
  4 jackals
  7 kobolds
  9 quokkas
  7 bats
  6 frilled lizards
  7 rats
124 creatures vanquished.

Vanquished Creatures (collateral kills)
  An ogre (D:5)
  An orc (D:5)
2 creatures vanquished.

Grand Total: 126 creatures vanquished

Notes
Turn   | Place    | Note
-------+----------+-------------------------------------------
     0 | Abyss:1  | PentaManta the Troll Abyssal Knight began the quest for the
                  | Orb.
     0 | Abyss:1  | Reached XP level 1. HP: 22/22 MP: 1/1
     9 | Abyss:1  | Found an ornate altar of the Wu Jian Council.
    72 | Abyss:2  | Noticed an ancient zyme
    74 | Abyss:2  | Noticed a starcursed mass
    81 | Abyss:2  | Noticed a chaos spawn
    81 | Abyss:2  | Noticed a spatial maelstrom
    82 | Abyss:2  | Noticed a spatial vortex
    82 | Abyss:2  | Noticed a spatial vortex
    83 | Abyss:2  | Noticed a spatial vortex
    83 | D:1      | Escaped the Abyss
   136 | D:1      | Reached * piety under Lugonu
   137 | D:1      | Reached XP level 2. HP: 29/29 MP: 2/2
   162 | D:1      | Reached skill level 3 in Unarmed Combat
   355 | D:1      | Reached XP level 3. HP: 36/36 MP: 3/3
   496 | D:1      | Found a faded altar of an unknown god.
   771 | D:2      | Reached skill level 4 in Unarmed Combat
   787 | D:2      | Noticed Terence
   797 | D:2      | Killed Terence
   798 | D:2      | Reached XP level 4. HP: 32/44 MP: 4/4
   874 | D:2      | Noticed Robin
   893 | D:3      | Reached ** piety under Lugonu
   939 | D:3      | Killed Robin
   956 | D:2      | Reached skill level 5 in Unarmed Combat
  1108 | D:3      | Reached XP level 5. HP: 13/50 MP: 5/5
  1222 | D:3      | Found a glowing drain.
  1239 | Sewer    | Entered a sewer
  1410 | Sewer    | Reached skill level 6 in Unarmed Combat
  1410 | Sewer    | Reached XP level 6. HP: 52/59 MP: 6/6
  2775 | D:4      | Reached *** piety under Lugonu
  2829 | D:4      | Reached skill level 7 in Unarmed Combat
  3077 | D:4      | Reached XP level 7. HP: 48/66 MP: 7/7
  3113 | D:4      | Reached skill level 8 in Unarmed Combat
  3351 | D:5      | Entered Level 5 of the Dungeon
  3423 | D:5      | Noticed Prince Ribbit
  3430 | D:5      | Reached skill level 9 in Unarmed Combat
  3450 | D:5      | HP: 2/66 [Prince Ribbit (9)]
  3451 | D:5      | Demolished by Prince Ribbit

Illustrated notes

Levels and vault maps discovered:
D:1:      lightli_arrival_flooded_house, layout_rooms,
          dilly_ecumenical_altar_fadedgnrine, grunt_decor_one_mirror
D:2:      layout_basic, uniq_robin, uniq_terence
D:3:      layout_loops_ring, portal_sewer_entry_a
D:4:      minmay_chambers_of_threes, layout_rooms
D:5:      layout_loops_ring, minmay_temple_entry_grid,
          gammafunk_ghost_necromancy, nrook_pool_corridor, uniq_prince_ribbit1

Skill      XL: |  1  2  3  4  5  6  7 |
---------------+----------------------+-----
Unarmed Combat | 3 4 5 6 7 9 |  9.2
Fighting       | |  2.4
Dodging        | |  1.9
Invocations    | |  1.5

Action                   |  1- 3 |  4- 6 |  7- 9 || total
-------------------------+-------+-------+-------++-------
Melee: Unarmed           |    94 |   163 |    61 ||   318
       Punch             |     1 |     6 |     2 ||     9
Invok: Depart the Abyss  |     1 |       |       ||     1
       Bend Space        |       |       |     1 ||     1
  Use: Scroll            |       |     2 |     2 ||     4
       Potion            |       |       |     1 ||     1
 Stab: Distracted        |       |     1 |       ||     1
Armor: Robe              |    26 |    70 |    13 ||   109
Dodge: Dodged            |    43 |   103 |    23 ||   169

Table legend: (Time is in decaauts)
 A = Elapsed time spent in this place.
 B = Non-inter-level travel time spent in this place.
 C = Inter-level travel time spent in this place.
 D = Time resting spent in this place.
 E = Time spent auto-exploring this place.
 F = Levels seen in this place.
 G = Mean time per level.
                   A        B        C        D        E       F      G
               +--------+--------+--------+--------+--------+-----+--------+
         Total |   3515 |   3431 |     84 |     43 |   2423 |   8 |  439.4 |
       Dungeon |   2942 |   2858 |     84 |     43 |   2040 |   5 |  588.4 |
         Abyss |     82 |     82 |      0 |      0 |      9 |   2 |   41.0 |
         Sewer |    489 |    489 |      0 |      0 |    374 |   1 |  489.0 |
               +--------+--------+--------+--------+--------+-----+--------+

Top non-repeatable levels by time:
     D:2: 908 daAuts
     D:3: 757 daAuts
     D:1: 607 daAuts
     D:4: 572 daAuts
   Sewer: 489 daAuts
     D:5: 96 daAuts
 Abyss:2: 67 daAuts
 Abyss:1: 15 daAuts
